 Dungeon Crawl Stone Soup version 0.31-a0-229-g1fc7ce93e2 (webtiles) character file.

Game seed: 12360068328590176316

107 qw the Shooter (level 4, -1/26 HPs)
             Began as a Gargoyle Hexslinger on July 6, 2023.
             Slain by an adder (2 damage)
             ... on level 3 of the Dungeon.
             The game lasted 00:00:46 (1991 turns).

qw the Shooter (Gargoyle Hexslinger)                Turns: 1991, Time: 00:00:47

Health: -1/26      AC:  8    Str: 12    XL:     4   Next: 86%
Magic:  5/5        EV: 12    Int: 13    God:
Gold:   68         SH:  0    Dex: 20    Spells: 4/5 levels left

rFire   + . .        f - +4 sling
rCold   . . .        (no shield)
rNeg    + . .        m - +0 leather armour
rPois   inf          (no helmet)
rElec   +            (no cloak)
rCorr   .            k - +0 pair of gloves
SInv    .            e - +0 pair of boots
Will    .....        (no amulet)
Stlth   +            a - +6 ring of dexterity
HPRegen 0.24/turn    n - ring of protection from fire
MPRegen 0.09/turn

%: no passive effects
@: about to teleport
A: sickness immunity, AC +3, negative energy resistance 1, electricity
resistance, torment resistance 1, petrification resistance
a: no special abilities


You were on level 3 of the Dungeon.
You visited 1 branch of the dungeon, and saw 3 of its levels.

You collected 90 gold pieces.
You spent 22 gold pieces at shops.


Innate Abilities, Weirdness & Mutations

You are immune to sickness and miasma.
Your stone body is resilient. (AC +3)
You are immune to poison.
You resist negative energy. (rN+)
You are resistant to electric shocks. (rElec)
You are resistant to unholy torment.
You are immune to petrification.


   Skills:
 - Level 2.1 Fighting
 + Level 4.5 Ranged Weapons
 - Level 1.5 Dodging
 - Level 1.0 Spellcasting
 - Level 2.6 Hexes


You had 4 spell levels left.
You knew the following spells:

 Your Spells              Type           Power      Damage    Failure   Level
a - Slow                  Hex            28%        N/A       12%         1

Your spell library contained the following spells:

 Spells                   Type           Power      Damage    Failure   Level
 Inner Flame              Hex/Fire       4%         N/A       52%         3
 Portal Projectile        Hex/Tloc       8%         N/A       52%         3
 Cause Fear               Hex            3%         N/A       75%         4

Inventory:

Hand Weapons
 f - a +4 sling (weapon)
Armour
 e - a +0 pair of boots (worn)
 k - a +0 pair of gloves (worn)
 m - a +0 leather armour (worn)
Jewellery
 a - a +6 ring of dexterity (left hand)
 n - a ring of protection from fire (right hand)
 Y - a ring of resist corrosion
Scrolls
 c - a scroll of teleportation
 g - a scroll of identify
Potions
 b - 5 potions of curing
 d - a potion of lignification {unknown}
 h - a potion of might
 i - a potion of resistance
 j - a potion of heal wounds {unknown}
 l - 2 potions of magic {unknown}

Dungeon Overview and Level Annotations

Branches:
Dungeon (3/15)

Altars:

Shops:
D:1 :   D:2 ?


Message History

The ice beast is moderately wounded.
You shoot a sling bullet. The sling bullet hits the ice beast.
The ice beast is moderately wounded.
You shoot a sling bullet. The sling bullet hits the ice beast.
The ice beast is moderately wounded.
You shoot a sling bullet. The sling bullet hits the ice beast.
The ice beast is moderately wounded.
The adder bites you but does no damage. The ice beast completely misses you.
You shoot a sling bullet. The sling bullet hits the ice beast.
The ice beast is heavily wounded.
The adder closely misses you. The ice beast hits you.
The ice beast freezes you! The adder closely misses you.
The ice beast hits you. The ice beast freezes you!
You shoot a sling bullet.
The sling bullet hits the ice beast but does no damage.
The ice beast is heavily wounded.
The adder closely misses you.
The ice beast hits you but does no damage.
You shoot a sling bullet.
The sling bullet hits the ice beast but does no damage.
The ice beast is heavily wounded.
The adder bites you but does no damage. The adder closely misses you.
The ice beast closely misses you.
You shoot a sling bullet.
The sling bullet barely misses the ice beast.
The adder bites you but does no damage. The ice beast barely misses you.
You shoot a sling bullet. The sling bullet hits the ice beast!
The ice beast is severely wounded.
The adder bites you but does no damage.
The ice beast hits you but does no damage.
The adder misses you.
You shoot a sling bullet. The sling bullet hits the ice beast.
The ice beast is almost dead.
The adder bites you but does no damage. The ice beast barely misses you.
The adder bites you but does no damage. The ice beast hits you.
The ice beast freezes you!
1991 ||| READING 2 scrolls of teleportation.
As you read the scroll of teleportation, it crumbles to dust.
You feel strangely unstable. The adder bites you.
You die...

#....... ....
........ ##.#.#
#######. ##....# #.
# ##.$...## #.
#.#.......# #.
#.........#
#########. #..YS...#
.......... #.@...#
.#######..
#####...### #..
...........##. #..
#######....##. #..
####.##.#######..
#######.##.........%
#.......##..######..
#.#####.##..# #..
#.##..######..


You could see an ice beast and an adder.

Vanquished Creatures
  5 adders
  2 dart slugs
  5 endoplasms
  3 giant cockroaches
  6 hobgoblins
  6 jackals
  3 quokkas
  6 ball pythons
  3 bats (D:3)
  2 frilled lizards (D:2)
  4 goblins
  5 kobolds
  3 rats
53 creatures vanquished.

Notes
Turn   | Place    | Note
-------+----------+-------------------------------------------
     0 | D:1      | qw the Gargoyle Hexslinger began the quest for the Orb.
     0 | D:1      | Reached XP level 1. HP: 12/12 MP: 2/2
     0 | D:1      | 0 ||| qw: Version: 0.3-a-46-gb1f654a
     0 | D:1      | 0 ||| qw: Game counter: 1274
     0 | D:1      | 0 ||| qw: Melee chars always use a shield: true
     0 | D:1      | 0 ||| qw: God list: Okawaru
     0 | D:1      | 0 ||| qw: Allow faded altars: false
     0 | D:1      | 0 ||| qw: Do Orc after clearing Dungeon:15 true
     0 | D:1      | 0 ||| qw: Do second Lair branch before Depths: true
     0 | D:1      | 0 ||| qw: Lair rune preference: random
     0 | D:1      | 0 ||| qw: Goals: Normal
     0 | D:1      | 0 ||| PLANNING D:1-11
   120 | D:1      | Reached XP level 2. HP: 16/16 MP: 3/3
   472 | D:1      | Found Jimir's Book Shop.
   611 | D:1      | Reached skill level 3 in Ranged Weapons
   722 | D:1      | 722 ||| UPGRADING to +0 pair of boots.
   727 | D:1      | 727 ||| UPGRADING to +0 pair of gloves.
   732 | D:1      | 732 ||| UPGRADING to +0 leather armour.
   742 | D:1      | 742 ||| DROPPING +0 robe.
   743 | D:1      | 743 ||| UPGRADING to ring of resist corrosion.
   744 | D:1      | 744 ||| UPGRADING to ring of protection from fire.
   745 | D:1      | 745 ||| READING scroll labelled PERISHR ENLIANK.
   746 | D:1      | 746 ||| READING 2 scrolls labelled GISTRU WEANNETT.
   747 | D:1      | 747 ||| READING scroll labelled PUXEABL TIBBUF.
   748 | D:1      | 748 ||| READING scroll labelled WIALUTUWUH.
   751 | D:1      | 751 ||| DRINKING 2 bubbling inky potions.
   752 | D:1      | 752 ||| DROPPING scroll of poison.
   785 | D:2      | 785 ||| STAIRDANCE
   796 | D:1      | Reached XP level 3. HP: 20/21 MP: 4/4
   972 | D:2      | Found a faded altar of an unknown god.
  1053 | D:2      | Found Katewyxu's Magic Scroll Shop.
  1062 | D:2      | 1062 ||| BUYING scroll of identify (22 gold).
  1062 | D:2      | Bought a scroll of identify for 22 gold pieces
  1062 | D:2      | 1062 ||| SHOPLISTING scroll of identify (22 gold, have 17).
  1062 | D:2      | 1062 ||| SHOPLISTING scroll of teleportation (33 gold, have
                  | 17).
  1153 | D:2      | 1153 ||| READING scroll of enchant weapon.
  1153 | D:2      | 1153 ||| ENCHANTING +2 sling.
  1174 | D:2      | Reached XP level 4. HP: 26/26 MP: 5/5
  1441 | D:2      | 1441 ||| UPGRADING to +6 ring of dexterity.
  1443 | D:2      | 1443 ||| DRINKING 2 sedimented orange potions.
  1444 | D:2      | 1444 ||| READING 2 scrolls of identify.
  1444 | D:2      | 1444 ||| IDENTIFYING white potion
  1468 | D:3      | Reached skill level 4 in Ranged Weapons
  1477 | D:3      | 1477 ||| STAIRDANCE
  1480 | D:3      | 1480 ||| STAIRDANCE
  1585 | D:3      | 1585 ||| READING scroll of enchant weapon.
  1585 | D:3      | 1585 ||| ENCHANTING +3 sling.
  1978 | D:3      | Noticed an ice beast
  1990 | D:3      | HP: 1/26 [ice beast (7)]
  1991 | D:3      | 1991 ||| READING 2 scrolls of teleportation.
  1991 | D:3      | Slain by an adder

Levels and vault maps discovered:
D:1:      amcnicky_arrival_choice, layout_basic, serial_shops, shop,
          minmay_fountain_box
D:2:      layout_loops_ring, basic_ecumenical_altar, serial_shops, shop
D:3:      layout_loops_ring, st_stairs_10, dk_vineyard_2

Skill      XL: |  1  2  3  4 |
---------------+-------------+-----
Ranged Weapons | 3 4 |  4.5
Fighting       | 2 |  2.1
Dodging        | |  1.5
Spellcasting   | |  1.0
Hexes          | |  2.6

Action                     |  1- 3 |  4- 6 || total
---------------------------+-------+-------++-------
   Fire: Sling             |   112 |    72 ||   184
    Use: Scroll            |     5 |     3 ||     8
         Potion            |     1 |     1 ||     2
 Armour: Robe              |     6 |       ||     6
         Leather armour    |    25 |    27 ||    52
  Dodge: Dodged            |    47 |    39 ||    86

Table legend:
 A = Non-vault XP
 B = Vault XP
 C = Vault XP percentage of total XP
 D = Non-vault monster count
 E = Vault monster count
 F = Vault count percentage of total count
                 A         B        C        D         E       F
            +---------+---------+-------+---------+---------+-------
      Total |     148 |       6 |   3.9 |      49 |       4 |   7.5
            +---------+---------+-------+---------+---------+-------
        D:1 |      35 |       0 |   0.0 |      13 |       0 |   0.0
        D:2 |      75 |       4 |   5.1 |      23 |       2 |   8.0
        D:3 |      38 |       2 |   5.0 |      13 |       2 |  13.3
            +---------+---------+-------+---------+---------+-------
